Map: Backwater LE

Players

Serral - Winner!

  • Race: Zerg Zerg
  • Spawn Location: 5:00

ShoWTimE

  • Race: Protoss Protoss
  • Spawn Location: 11:00

Event: WCS Leipzig 2018

VOD

Have the link to the VOD?

Description

Time

  • Played on: Jan. 28, 2018, 9:19 a.m.
  • Length: 35:58

All games in this series

Show
View Real Time Build Order
Export as new Build Order

Serral Zerg - Winner!

Build Orders: Hatch First 

Get SALT Encoding   

  12  0:00  Drone  
  13  0:12  Overlord  
  13  0:17  Drone  
  14  0:31  Drone x2  
  14  0:34  Drone  
  17  0:51  Hatchery  
  17  0:55  Drone  
  17  0:57  Drone  
  18  1:08  Extractor  
  17  1:12  Spawning Pool  
  17  1:15  Drone  
  17  1:18  Drone  
  18  1:28  Drone  
  19  1:39  Overlord  
  19  1:49  Drone  
  20  1:58  Queen  
  23  2:01  Zergling x2  
  23  2:03  Queen  
  23  2:05  Zergling x2  
  23  2:08  Metabolic Boost  
  26  2:11  Drone  
  26  2:13  Drone  
  28  2:21  Drone  
  29  2:25  Drone  
  30  2:36  Hatchery  
  29  2:37  Drone  
  30  2:45  Queen  
  30  2:48  Zergling x2  
  33  2:53  Overlord  
  33  2:55  Zergling x2  
  33  2:57  Zergling x2  
  35  3:03  Drone  
  35  3:04  Evolution Chamber  
  35  3:08  Drone  
  36  3:16  Drone x3  
  36  3:19  Drone x3  
  41  3:24  Overlord  
  41  3:27  Queen  
  41  3:30  Spore Crawler  
  42  3:34  Overlord  
  42  3:38  Drone  
  43  3:49  Zerg Melee Weapons Level 1  
  43  3:53  Spore Crawler  
  43  3:54  Overlord  
  42  3:56  Drone x3  
  42  3:58  Spore Crawler  
  44  4:03  Queen  
  44  4:06  Drone  
  44  4:07  Drone  
  48  4:11  Drone  
  48  4:12  Drone  
  48  4:13  Drone  
  51  4:18  Drone x2  
  51  4:20  Drone x2  
  55  4:24  Overlord  
  55  4:26  Drone  
  55  4:28  Drone  
  55  4:30  Drone  
  58  4:35  Lair  
  58  4:40  Spore Crawler  
  58  4:42  Queen  
  58  4:44  Drone  
  58  4:45  Drone, Extractor  
  60  4:50  Baneling Nest  
  60  4:51  Overlord  
  59  4:53  Drone  
  59  4:54  Drone  
  59  4:55  Drone  
  59  4:57  Drone  
  59  4:59  Drone x2  
  65  5:02  Drone  
  65  5:05  Overlord  
  66  5:12  Hatchery  
  65  5:19  Drone x4  
  65  5:20  Drone  
  69  5:24  Overlord  
  69  5:25  Drone  
  70  5:30  Roach Warren  
  70  5:32  Drone x2, Extractor  
  70  5:39  Queen  
  70  5:40  Overlord  
  70  5:41  Drone  
  70  5:42  Drone x2  
  73  5:48  Drone x6  
  76  5:52  Drone x3  
  79  5:57  Overlord  
  79  5:58  Extractor, Overlord  
  78  6:04  Drone x4  
  82  6:12  Overlord  
  82  6:14  Zerg Melee Weapons Level 2  
  82  6:16  Centrifical Hooks  
  82  6:18  Drone x5  
  87  6:20  Spore Crawler  
  87  6:23  Drone x3  
  89  6:27  Infestation Pit  
  89  6:29  Extractor  
  89  6:30  Extractor  
  89  6:31  Drone x4  
  89  6:32  Drone  
  91  6:37  Drone x5  
  96  6:46  Drone  
  95  6:48  Queen  
  95  6:49  Drone  
  95  6:50  Drone x2  
  95  6:52  Glial Reconstitution  
  100  6:57  Overlord  
  99  7:01  Spore Crawler  
  99  7:03  Roach x7  
  99  7:06  Drone  
  99  7:07  Drone x3  
  112  7:11  Hive  
  112  7:15  Overlord, Evolution Chamber  
  112  7:17  Roach x2  
  112  7:21  Roach x2, Zergling x2  
  120  7:26  Overlord  
  120  7:31  Overlord x3  
  119  7:38  Roach x4  
  119  7:41  Zerg Ground Armor Level 1  
  127  7:45  Overlord  
  127  7:48  Ravager x4  
  127  7:49  Ravager  
  127  7:50  Overlord  
  132  7:52  Drone x2, Zergling x2  
  132  7:53  Zergling x6  
  132  7:58  Pneumatized Carapace  
  138  7:59  Hatchery  
  138  8:01  Zergling x14  
  144  8:07  Overlord  
  144  8:08  Overlord x2  
  144  8:10  Ravager  
  144  8:11  Ravager  
  146  8:17  Baneling x4  
  146  8:22  Zergling x2  
  146  8:23  Zergling x24  
  159  8:28  Baneling, Ultralisk Cavern  
  159  8:29  Baneling  
  158  8:37  Overlord  
  158  8:42  Overlord  
  158  8:43  Zergling x20  
  158  8:44  Zerg Melee Weapons Level 3  
  158  8:47  Zergling x2  
  169  8:51  Baneling, Zergling x2  
  169  8:52  Zergling x6  
  171  9:09  Zergling x30  
  184  9:12  Baneling x18  
  184  9:21  Zergling x18  
  184  9:23  Baneling  
  184  9:24  Baneling x7  
  191  9:29  Drone x3  
  193  9:39  Overlord  
  193  9:43  Zergling x12  
  198  9:52  Spore Crawler  
  186  9:53  Zergling x28  
  186  9:54  Extractor  
  186  9:59  Drone  
  188  10:00  Drone x2  
  188  10:02  Chitinous Plating  
  188  10:04  Spire  
  188  10:10  Baneling x7  
  188  10:12  Zergling x24  
  165  10:22  Zergling x22  
  138  10:40  Drone, Extractor  
  138  10:41  Drone x2  
  140  10:44  Baneling x6  
  140  10:52  Hatchery  
  140  10:55  Ultralisk x4  
  163  11:04  Overlord  
  163  11:05  Drone x2  
  163  11:10  Zerg Ground Armor Level 2  
  165  11:13  Ultralisk, Zergling x14  
  178  11:18  Zerg Flyer Weapons Level 1  
  172  11:39  Ultralisk x2, Zergling x26  
  196  11:40  Zergling x2  
  196  11:42  Baneling x5  
  196  11:43  Baneling x2  
  196  11:46  Baneling x3  
  196  11:52  Baneling x5  
  196  11:59  Zergling x6  
  199  12:07  Overseer  
  197  12:08  Overseer  
  197  12:09  Overseer  
  197  12:13  Zergling x10  
  175  12:34  Ultralisk x3, Zergling x22  
  175  12:46  Corruptor x4  
  183  12:51  Corruptor  
  185  12:58  Overlord  
  185  12:59  Spine Crawler, Drone  
  185  13:00  Drone x2, Extractor  
  185  13:01  Corruptor  
  185  13:02  Corruptor  
  185  13:04  Overseer  
  190  13:10  Corruptor x2  
  194  13:19  Extractor  
  193  13:20  Spine Crawler, Spore Crawler, Drone x3  
  193  13:24  Spine Crawler  
  192  13:27  Corruptor x3  
  198  13:34  Hatchery, Zergling x2  
  198  13:35  Zergling x4  
  192  14:00  Corruptor x5  
  199  14:06  Zergling x4  
  199  14:20  Greater Spire, Zerg Ground Armor Level 3  
  199  14:21  Zerg Missile Weapons Level 1  
  199  14:27  Baneling x4  
  179  14:51  Overlord  
  179  14:52  Corruptor x10  
  178  14:59  Zergling x14  
  199  15:12  Spine Crawler x2  
  197  15:15  Spore Crawler  
  197  15:18  Pathogen Glands  
  197  15:19  Burrow, Drone x3  
  199  15:34  Zerg Flyer Armor Level 1  
  161  15:56  Corruptor  
  161  15:57  Corruptor x9  
  137  16:02  Extractor  
  137  16:03  Zergling x42  
  171  16:13  Infestor x5  
  171  16:16  Neural Parasite  
  181  16:20  Drone x3, Extractor  
  183  16:32  Infestor x3  
  185  16:34  Zergling x14  
  196  16:41  Corruptor  
  196  17:13  Zerg Missile Weapons Level 2, Infestor x2  
  200  17:19  Drone, Extractor  
  200  17:28  Zerg Flyer Weapons Level 2  
  199  17:42  Hatchery  
  197  17:53  Drone x3  
  171  18:26  Ultralisk x6  
  170  18:27  Corruptor x12  
  170  18:31  Overseer x2  
  192  18:38  Zergling x16  
  198  18:54  Infestor  
  198  19:10  Drone  
  197  19:31  Infestor  
  198  19:43  Zerg Flyer Armor Level 2  
  195  20:24  Overseer  
  195  20:25  Corruptor x4  
  195  21:04  Corruptor x3  
  193  21:09  Extractor x2  
  197  21:31  Extractor  
  187  21:45  Ultralisk x3  
  187  21:46  Overlord  
  199  21:48  Overlord  
  199  21:52  Overlord  
  199  21:59  Zerg Flyer Weapons Level 3  
  199  22:03  Overlord  
  197  22:09  Overlord  
  195  22:54  Infestor  
  195  22:55  Infestor  
  198  23:13  Spore Crawler  
  198  23:15  Spore Crawler  
  198  23:16  Infestor x5  
  199  23:25  Drone  
  199  23:33  Drone x27  
  199  23:34  Infestor  
  199  23:35  Infestor x5  
  197  23:44  Spore Crawler  
  196  23:53  Hatchery  
  196  23:55  Infestor x2  
  197  24:01  Overseer  
  197  24:16  Corruptor  
  199  24:31  Spore Crawler  
  199  24:34  Ultralisk  
  199  24:36  Zerg Flyer Armor Level 3  
  199  24:37  Spore Crawler x3  
  193  24:46  Infestor x3  
  199  25:08  Spore Crawler x2  
  199  25:09  Spore Crawler  
  184  25:30  Corruptor x2  
  184  25:31  Infestor  
  184  25:32  Infestor  
  184  25:33  Corruptor  
  184  25:34  Corruptor x3  
  200  25:49  Spore Crawler  
  199  25:50  Spore Crawler x5  
  199  25:52  Spore Crawler x2  
  199  25:53  Spore Crawler  
  191  26:15  Zergling x18  
  200  26:54  Corruptor x3  
  193  26:58  Overseer  
  193  26:59  Overlord  
  193  27:47  Spore Crawler x2  
  191  27:51  Spore Crawler  
  191  27:56  Zergling x20  
  191  27:57  Zergling x12  
  200  27:58  Spore Crawler  
  200  27:59  Spore Crawler  
  200  28:00  Spore Crawler  
  181  29:13  Zergling x6  
  181  29:14  Corruptor  
  181  29:15  Corruptor x7  
  200  29:31  Zerg Missile Weapons Level 3  
  198  30:35  Spore Crawler x2  
  198  30:36  Spore Crawler  
  194  30:54  Infestor x3  
  200  31:21  Corruptor x4  
  200  31:23  Overseer, Overlord x2  
  200  31:24  Overseer  
  200  31:43  Spore Crawler  
  200  31:44  Spore Crawler  
  188  32:10  Corruptor  
  188  32:11  Corruptor x12  
  134  32:34  Ultralisk  
  134  32:35  Ultralisk x4  
  168  32:39  Zergling x2  
  168  32:40  Zergling x48  
  185  32:47  Ultralisk x2, Zergling x2  
  185  32:50  Overlord  
  185  32:51  Overlord  
  168  32:59  Infestor x3  
  168  33:01  Zergling x4  
  176  33:05  Zergling x2  
  176  33:06  Zergling x6  
  176  33:09  Baneling x7  
  180  33:16  Overseer  
  174  33:40  Zergling x18  
  174  33:41  Zergling x18  
  176  33:56  Zergling x8  
  175  34:18  Brood Lord x2  
  175  34:19  Brood Lord x4  
  175  34:20  Brood Lord  
  175  34:21  Brood Lord  
  175  34:22  Brood Lord  
  193  34:27  Brood Lord x2  
  193  34:28  Corruptor  
  199  34:36  Baneling x16  
  194  34:51  Zergling x30  
  189  35:27  Hatchery  
Show
View Real Time Build Order
Export as new Build Order

ShoWTimE Protoss 

Build Orders: 1 Gate Expand, Phoenix Opening, Archon Immortal, Carriers, Colossus Rush 

Get SALT Encoding   

  12  0:00  Probe  
  13  0:12  Probe  
  14  0:18  Pylon  
  14  0:24  Probe  
  15  0:36  Probe (Chrono Boost)  
  16  0:44  Gateway  
  16  0:46  Probe (Chrono Boost)  
  16  0:47  Assimilator  
  17  0:51  Probe (Chrono Boost)  
  18  1:03  Probe  
  19  1:15  Probe  
  20  1:25  Nexus  
  20  1:35  Cybernetics Core  
  20  1:38  Probe  
  21  1:43  Assimilator  
  21  1:50  Probe  
  21  1:53  Pylon  
  22  2:02  Probe  
  23  2:10  Adept (Chrono Boost)  
  23  2:14  Probe  
  26  2:17  Stargate  
  26  2:23  Warp Gate  
  26  2:26  Probe (Chrono Boost)  
  26  2:29  Adept  
  29  2:38  Probe (Chrono Boost)  
  31  2:44  Probe (Chrono Boost)  
  31  2:47  Probe (Chrono Boost)  
  33  2:51  Probe (Chrono Boost)  
  33  2:52  Probe (Chrono Boost)  
  34  3:00  Phoenix (Chrono Boost)  
  34  3:02  Probe  
  34  3:04  Probe  
  38  3:07  Pylon  
  38  3:15  Probe  
  38  3:16  Probe  
  38  3:19  Phoenix (Chrono Boost)  
  43  3:27  Probe  
  43  3:28  Probe  
  43  3:29  Gateway  
  44  3:35  Assimilator  
  44  3:38  Adept (Chrono Boost)  
  44  3:39  Probe, Assimilator  
  47  3:46  Probe  
  48  3:51  Probe, Pylon  
  48  3:53  Phoenix  
  51  4:01  Robotics Facility  
  51  4:02  Probe  
  52  4:04  Probe  
  53  4:14  Probe  
  53  4:16  Probe  
  55  4:18  Phoenix (Chrono Boost)  
  55  4:22  Pylon  
  57  4:26  Probe  
  57  4:28  Probe  
  59  4:36  Phoenix (Chrono Boost)  
  61  4:38  Probe  
  61  4:40  Probe  
  61  4:44  Nexus  
  63  4:47  Pylon  
  63  4:50  Probe  
  63  4:52  Observer, Probe  
  65  4:58  Robotics Bay  
  66  5:03  Probe  
  66  5:05  Probe, Phoenix  
  70  5:10  Pylon  
  70  5:15  Probe  
  70  5:17  Probe  
  72  5:22  Observer  
  72  5:27  Probe (Chrono Boost), Forge  
  72  5:28  Gateway  
  74  5:29  Probe (Chrono Boost)  
  75  5:38  Probe (Chrono Boost)  
  75  5:39  Probe (Chrono Boost)  
  77  5:43  Probe (Chrono Boost)  
  77  5:44  Probe (Chrono Boost)  
  77  5:48  Colossus (Chrono Boost)  
  83  5:53  Probe  
  83  5:54  Pylon  
  83  5:55  Probe  
  83  5:56  Assimilator  
  83  5:57  Probe  
  86  6:00  Protoss Ground Weapons Level 1 (Chrono Boost)  
  86  6:01  Assimilator  
  86  6:03  Stalker x2  
  90  6:10  Probe x3  
  93  6:18  Extended Thermal Lance  
  93  6:19  Twilight Council  
  93  6:22  Probe, Pylon  
  94  6:28  Shield Battery  
  94  6:30  Pylon  
  94  6:31  Probe  
  95  6:35  Gateway, Colossus (Chrono Boost)  
  95  6:38  Gateway  
  99  6:47  Void Ray  
  99  6:49  Sentry x2  
  99  6:52  Charge (Chrono Boost)  
  107  6:55  Photon Cannon  
  107  7:14  Gateway  
  107  7:15  Gateway  
  107  7:16  Templar Archives  
  107  7:17  Gateway  
  107  7:19  Pylon  
  107  7:23  Immortal (Chrono Boost)  
  107  7:26  Probe, Void Ray  
  112  7:30  Pylon  
  116  7:38  Phoenix x2  
  116  7:40  Psionic Storm  
  116  7:43  Nexus  
  116  7:44  Shield Battery  
  116  7:45  Protoss Ground Weapons Level 2 (Chrono Boost), Photon Cannon  
  116  7:47  Pylon  
  115  7:54  High Templar  
  115  7:55  High Templar  
  119  8:00  Photon Cannon  
  119  8:01  Immortal  
  123  8:10  Void Ray (Chrono Boost)  
  123  8:12  Photon Cannon  
  123  8:13  Photon Cannon  
  123  8:16  Probe x3  
  123  8:19  High Templar  
  132  8:26  Pylon  
  132  8:33  High Templar  
  134  8:39  Zealot x3  
  134  8:40  Zealot x3  
  146  8:43  Photon Cannon  
  146  8:45  Photon Cannon  
  146  8:46  Shield Battery, Immortal (Chrono Boost)  
  150  9:01  Assimilator  
  150  9:03  Photon Cannon  
  150  9:05  Assimilator, Pylon  
  150  9:09  Probe x2  
  145  9:11  Probe x2  
  147  9:21  Probe  
  147  9:22  High Templar x3  
  154  9:26  Archon  
  154  9:27  Fleet Beacon  
  154  9:33  Stargate  
  154  9:34  Stargate  
  157  9:45  Immortal (Chrono Boost)  
  131  9:54  Archon  
  131  9:56  Zealot x2  
  131  9:57  Zealot x6  
  131  10:03  Mothership (Chrono Boost)  
  139  10:18  Zealot x3  
  139  10:19  Zealot x5  
  133  10:24  Immortal  
  131  10:30  Void Ray  
  131  10:34  Probe x3 (Chrono Boost)  
  121  10:43  High Templar  
  121  10:44  High Templar x2  
  121  10:45  High Templar  
  121  10:46  Probe x3 (Chrono Boost), Protoss Ground Weapons Level 3  
  121  10:48  Pylon  
  132  10:51  Probe (Chrono Boost)  
  132  10:52  Probe x2 (Chrono Boost)  
  132  10:54  Photon Cannon  
  135  11:00  Probe x2 (Chrono Boost), Photon Cannon  
  137  11:07  Photon Cannon  
  137  11:09  High Templar x2  
  137  11:10  Shield Battery  
  141  11:13  Archon  
  141  11:19  Void Ray (Chrono Boost)  
  149  11:28  Zealot x4  
  149  11:30  Void Ray (Chrono Boost)  
  152  11:41  Pylon  
  152  11:43  Pylon  
  152  11:52  Zealot x4  
  152  11:54  Carrier (Chrono Boost)  
  166  12:04  High Templar x2  
  166  12:05  Zealot x2, Pylon  
  170  12:10  Archon  
  170  12:12  Zealot x4  
  169  12:28  Zealot x2  
  153  12:31  Archon x2  
  153  12:36  Zealot x4  
  151  12:38  Probe x2, Carrier (Chrono Boost)  
  151  12:44  High Templar x2  
  163  12:46  Carrier (Chrono Boost)  
  169  12:53  Probe x2  
  169  12:56  High Templar  
  173  12:59  Pylon  
  173  13:02  High Templar x2  
  177  13:06  Photon Cannon  
  177  13:08  Archon  
  175  13:24  Carrier (Chrono Boost)  
  175  13:25  Nexus  
  175  13:26  Zealot  
  177  13:27  Pylon  
  181  13:37  Protoss Shields Level 1  
  181  13:42  Photon Cannon  
  181  13:44  Zealot x2  
  181  13:47  Immortal  
  181  13:48  Zealot  
  189  13:51  Zealot  
  189  14:00  Cybernetics Core  
  189  14:04  Carrier (Chrono Boost)  
  195  14:12  Cybernetics Core  
  195  14:14  Nexus  
  195  14:21  Pylon  
  195  14:29  Gateway  
  195  14:30  Gateway  
  191  14:36  Archon  
  179  14:38  Zealot x2  
  179  14:39  Zealot x4  
  178  14:48  Void Ray x2 (Chrono Boost)  
  160  14:55  High Templar  
  162  15:00  High Templar x4  
  162  15:01  Protoss Air Weapons Level 1 (Chrono Boost)  
  162  15:02  Protoss Air Armor Level 1 (Chrono Boost)  
  162  15:05  High Templar  
  162  15:06  High Templar  
  174  15:10  Archon  
  174  15:21  Void Ray (Chrono Boost)  
  174  15:23  Nexus  
  174  15:25  Pylon, Photon Cannon  
  174  15:27  High Templar, Photon Cannon  
  180  15:34  High Templar x3  
  186  15:39  Archon  
  186  15:40  Archon  
  186  15:42  Zealot x3  
  190  15:47  Archon  
  190  15:49  Void Ray  
  168  15:52  Zealot  
  160  16:05  Immortal (Chrono Boost)  
  160  16:08  High Templar x3  
  165  16:15  Void Ray  
  169  16:23  Gateway  
  169  16:26  Pylon  
  169  16:27  Pylon  
  169  16:31  Zealot  
  171  16:33  Gateway  
  171  16:36  Observer (Chrono Boost)  
  172  16:42  Pylon  
  172  16:46  Assimilator  
  172  16:48  High Templar x2, Assimilator  
  172  16:53  Archon  
  176  16:59  Photon Cannon  
  176  17:00  High Templar x2  
  176  17:01  Photon Cannon  
  180  17:03  Photon Cannon  
  180  17:04  Shield Battery, Zealot  
  180  17:12  Zealot x3  
  186  17:23  Oracle  
  189  17:31  Carrier  
  195  17:42  High Templar x2  
  199  17:57  Protoss Air Weapons Level 2 (Chrono Boost)  
  193  18:22  Carrier x2 (Chrono Boost)  
  193  18:23  Zealot x8  
  191  18:37  Observer  
  192  18:43  Nexus  
  192  18:46  High Templar x3  
  198  18:50  Pylon  
  198  18:57  Void Ray (Chrono Boost)  
  192  19:16  Photon Cannon  
  186  19:18  Photon Cannon  
  184  19:33  Void Ray  
  186  19:48  Nexus  
  185  19:53  Pylon, Void Ray  
  185  19:54  Void Ray  
  185  19:59  Zealot  
  193  20:02  Photon Cannon  
  193  20:04  Protoss Air Armor Level 2 (Chrono Boost)  
  193  20:05  Protoss Air Weapons Level 3 (Chrono Boost), Photon Cannon x2  
  193  20:07  Photon Cannon  
  193  20:08  Photon Cannon  
  193  20:11  Photon Cannon  
  193  20:19  Assimilator  
  185  20:24  Assimilator, Void Ray  
  185  20:27  Zealot x4  
  185  20:28  Zealot  
  193  20:37  Graviton Catapult (Chrono Boost)  
  193  20:48  Void Ray  
  193  20:49  Void Ray  
  198  20:55  Zealot x4  
  186  21:15  Photon Cannon  
  186  21:16  Photon Cannon  
  186  21:18  Photon Cannon  
  186  21:27  Zealot  
  186  21:29  Zealot x6  
  200  21:34  Protoss Shields Level 2  
  194  22:02  Mothership (Chrono Boost)  
  194  22:03  Observer (Chrono Boost)  
  195  22:16  Observer (Chrono Boost)  
  195  22:19  Void Ray  
  200  22:26  Protoss Air Armor Level 3 (Chrono Boost)  
  200  22:36  Pylon  
  195  22:46  Void Ray  
  195  22:47  Void Ray  
  197  22:57  Nexus  
  197  23:00  Pylon  
  197  23:03  Pylon  
  197  23:04  Photon Cannon  
  197  23:06  Shield Battery  
  193  23:51  Protoss Shields Level 3 (Chrono Boost)  
  185  23:57  Void Ray x3  
  189  24:24  Photon Cannon  
  189  24:25  Photon Cannon  
  189  24:27  Photon Cannon  
  189  24:29  Photon Cannon  
  189  24:30  Pylon  
  189  24:45  Nexus  
  187  24:52  Oracle  
  187  24:57  Assimilator  
  187  24:59  Photon Cannon  
  187  25:00  Shield Battery  
  187  25:01  Shield Battery  
  183  25:16  Void Ray x2 (Chrono Boost)  
  184  25:23  Void Ray (Chrono Boost)  
  188  25:55  Void Ray (Chrono Boost)  
  188  25:56  Void Ray (Chrono Boost)  
  196  26:10  Assimilator  
  196  26:16  Gateway  
  196  26:17  Gateway  
  196  26:19  Gateway  
  196  26:22  Gateway  
  196  26:24  Gateway  
  196  26:27  Gateway  
  196  26:38  Protoss Ground Armor Level 1 (Chrono Boost)  
  196  26:42  Zealot  
  196  26:43  Zealot  
  200  26:53  Zealot  
  200  26:54  Zealot x3  
  193  27:11  Zealot  
  193  27:14  Void Ray  
  199  27:18  Blink (Chrono Boost)  
  190  27:34  Immortal  
  192  27:57  Carrier (Chrono Boost)  
  197  28:33  Zealot  
  199  28:44  Protoss Ground Armor Level 2 (Chrono Boost)  
  200  29:08  Carrier (Chrono Boost)  
  192  29:11  Carrier (Chrono Boost)  
  200  29:20  Photon Cannon  
  200  29:22  Photon Cannon  
  200  29:44  Gateway  
  198  29:45  Gateway  
  198  29:48  Gateway  
  198  30:02  Oracle (Chrono Boost)  
  194  30:17  Carrier (Chrono Boost)  
  194  30:20  Photon Cannon  
  198  30:21  Shield Battery  
  198  30:24  Pylon  
  198  30:35  Zealot  
  200  30:55  Protoss Ground Armor Level 3 (Chrono Boost)  
  200  31:32  Carrier (Chrono Boost)  
  200  31:59  Archon  
  179  32:10  Stalker x3  
  179  32:11  Stalker x9  
  172  32:28  Stalker x4  
  81  32:38  High Templar x6  
  81  32:39  High Templar x2  
  87  32:45  Archon x3  
  87  32:47  High Templar x4, Archon  
  85  32:51  Immortal  
  79  33:02  High Templar x4  
  87  33:06  Archon  
  87  33:07  Archon  
  87  33:09  Oracle  
  87  33:11  High Templar x4  
  87  33:12  High Templar x3  
  107  33:15  Archon  
  107  33:16  Archon x2  
  107  33:20  High Templar x2  
  107  33:22  Stalker x3  
  107  33:23  Stalker  
  107  33:25  Archon  
  116  33:31  Observer  
  115  33:42  Zealot x4  
  120  33:52  Zealot x5  
  125  33:59  Observer  
  120  34:14  Zealot  
  122  34:17  High Templar x2  
  122  34:21  Archon  
  126  34:28  Zealot  
  128  34:33  Observer  
  129  34:43  Zealot  
  131  34:52  Zealot  
  129  34:59  High Templar  
Tags
 
Add a new tag
Caveats
  • Supply blocks, unpowered buildings, or Contaminate may cause inaccurate times.
  • Supply counts are checked every 10 seconds.